 Dungeon Crawl Stone Soup version 0.31-a0-18-gea43df2a32 (webtiles) character file.

Game seed: 8080500206970218986

582575 erloom the Invulnerable (level 25, -34/257 HPs)
             Began as a Minotaur Fighter on May 2, 2023.
             Was the Champion of Okawaru.
             Killed from afar by an orb of fire (152 damage)
             ... with a fireball
             ... on level 2 of the Realm of Zot on May 11, 2023.
             The game lasted 02:27:22 (68945 turns).

erloom the Invulnerable (Minotaur Fighter)         Turns: 68945, Time: 02:27:24

Health: -34/257    AC: 42    Str: 44 (45) XL:     25   Next: 98%
Magic:  22/29      EV: 20    Int:  8 (11) God:    Okawaru [******]
Gold:   3698       SH:  5    Dex: 12      Spells: 32/32 levels left

rFire   x . .        C - +8 executioner's axe of Severance {flame, rC+ Dex+2}
rCold   + + +        (shield currently unavailable)
rNeg    + + +        D - +8 plate armour of Prudence {Will+ Str+4}
rPois   +            o - +0 hat of Depression {Fly rPois rC-}
rElec   +            T - +2 cloak of Noon {rPois rF- rC++ Str+3 Dex+3}
rCorr   .            J - +2 pair of gloves of Midsummer {rC+ rN+ Will+}
SInv    .            y - +2 pair of boots {rampage}
Will    +++++        G - amulet "Quskief" {Reflect Harm Will+++ Dex-3 SH+5 Stlth-} Stlth
                     h - ring "Bophiz" {rElec rC+ rN+ Str+4 Dex-3}
HPRegen 0.62/turn    W - ring of the Dragon {rElec rN++ Str+6 Int+4 Stlth+}
MPRegen 0.21/turn

%: random rage (3%), harm (+30% outgoing, +20% incoming), reflection, rampage
@: heroic, finesse-ful, flying, studying 4 skills
A: horns 2, retaliatory headbutt, berserk 1
}: 3/15 runes: barnacled, silver, gossamer
a: Renounce Religion, Heroism, Finesse, Duel


You were on level 2 of the Realm of Zot.
You worshipped Okawaru.
Okawaru was exalted by your worship.
You visited 11 branches of the dungeon, and saw 48 of its levels.
You visited the Abyss 1 time.
You also visited: Bailey, Gauntlet, Ice Cave, Wizlab and Desolation.

You collected 7822 gold pieces.
You spent 4124 gold pieces at shops.

Inventory:

Hand Weapons
 j - the +4 arbalest of Araeriy {penet, MP+9 Int-3 Dex+3}
   (You bought it in a shop on level 15 of the Dungeon)

   Int:       It affects your intelligence (-3).
   Dex:       It affects your dexterity (+3).
   MP:        It affects your magic capacity (+9).
 C - the +8 executioner's axe of Severance (weapon) {flame, rC+ Dex+2}
   (Okawaru gifted it to you on level 3 of the Spider Nest)

   Dex:       It affects your dexterity (+2).
   rC:        It protects you from cold.
 R - a +6 broad axe of electrocution
Missiles
 u - 24 boomerangs
 z - 4 throwing nets
Armour
 o - the +0 hat of Depression (worn) {Fly rPois rC-}
   (You found it on level 4 of the Spider Nest)

   rC:        It makes you vulnerable to cold.
   rPois:     It protects you from poison.
   Fly:       It grants you flight.
 y - a +2 pair of boots of rampaging (worn)
 D - the +8 plate armour of Prudence (worn) {Will+ Str+4}
   (Okawaru gifted it to you on level 3 of the Depths)

   Str:       It affects your strength (+4).
   Will:      It increases your willpower.
 H - the +15 Maxwell's patent armour {-Cast -Tele rElec Will+ rCorr}
   (Okawaru gifted it to you on level 1 of the Shoals)

   rElec:     It insulates you from electricity.
   -Cast:     It prevents spellcasting.
   -Tele:     It prevents most forms of teleportation.
   rCorr:     It protects you from acid and corrosion.
   Will:      It increases your willpower.
 J - the +2 pair of gloves of Midsummer (worn) {rC+ rN+ Will+}
   (Okawaru gifted it to you on level 2 of the Elven Halls)

   rC:        It protects you from cold.
   rN:        It protects you from negative energy.
   Will:      It increases your willpower.
 T - the +2 cloak of Noon (worn) {rPois rF- rC++ Str+3 Dex+3}
   (You found it on level 3 of the Lair of Beasts)

   Str:       It affects your strength (+3).
   Dex:       It affects your dexterity (+3).
   rF:        It makes you vulnerable to fire.
   rC:        It greatly protects you from cold.
   rPois:     It protects you from poison.
 Y - the scarf of Ennui {harm, rElec rPois Will+}
   (Okawaru gifted it to you on level 5 of the Lair of Beasts)

   rElec:     It insulates you from electricity.
   rPois:     It protects you from poison.
   Will:      It increases your willpower.
Jewellery
 b - a ring of resist corrosion
 h - the ring "Bophiz" (left hand) {rElec rC+ rN+ Str+4 Dex-3}
   (You found it in the Desolation of Salt)

   [ring of protection from cold]

   Str:       It affects your strength (+4).
   Dex:       It affects your dexterity (-3).
   rC:        It protects you from cold.
   rElec:     It insulates you from electricity.
   rN:        It protects you from negative energy.
 i - a ring of see invisible
 r - the ring of the Glimmering Gods {rF+ Int+4}
   (You took it off a servant of whispers in the Desolation of Salt)

   [ring of protection from fire]

   Int:       It affects your intelligence (+4).
   rF:        It protects you from fire.
 E - a ring of fire
 G - the amulet "Quskief" (around neck) {Reflect Harm Will+++ Dex-3 SH+5 Stlth-}
   (You found it on level 3 of the Crypt)

   [amulet of reflection]

   It reflects blocked missile attacks.
   Dex:       It affects your dexterity (-3).
   SH:        It affects your SH (+5).
   Harm:      It increases damage dealt and taken.
   Will:      It greatly increases your willpower.
   Stlth:     It makes you less stealthy.
 O - a ring of the Octopus King {Fly HP+2 AC+2 EV+2 SH+2}
   (You found it on level 5 of the Vaults)

   [ring of flight]

   AC:        It affects your AC (+2).
   EV:        It affects your evasion (+2).
   HP:        It affects your health (+2).
   Fly:       It grants you flight.
   SH:        It affects your SH (+2).
 Q - a +6 ring of intelligence
 V - a ring of fire
 W - the ring of the Dragon (right hand) {rElec rN++ Str+6 Int+4 Stlth+}
   (You found it in a bailey)

   [ring of strength]

   Str:       It affects your strength (+6).
   Int:       It affects your intelligence (+4).
   rElec:     It insulates you from electricity.
   rN:        It greatly protects you from negative energy.
   Stlth:     It makes you more stealthy.
Wands
 g - a wand of iceblast (69)
 I - a wand of digging (33)
 L - a wand of acid (28)
 Z - a wand of mindburst (49)
Scrolls
 c - a scroll of silence
 f - 6 scrolls of enchant weapon
 k - 15 scrolls of blinking
 m - 8 scrolls of poison
 p - 24 scrolls of teleportation
 q - 4 scrolls of amnesia
 s - 8 scrolls of enchant armour
 v - 3 scrolls of brand weapon
 w - 34 scrolls of identify
 x - 2 scrolls of magic mapping
 A - 8 scrolls of immolation
 K - 14 scrolls of fog
 P - 10 scrolls of fear
Potions
 a - 8 potions of might
 d - 6 potions of flight
 e - 34 potions of curing
 l - 3 potions of berserk rage
 n - 11 potions of attraction
 t - 5 potions of cancellation
 B - 8 potions of ambrosia
 F - 21 potions of heal wounds
 M - 4 potions of resistance
 N - 8 potions of haste
 U - 7 potions of mutation
Miscellaneous
 S - a piece from Xom's chessboard (15/15)
 X - a lightning rod (4/4)


   Skills:
 O Level 27 Fighting
 + Level 26.9(27) Axes
 - Level 10.0(15.0) Throwing
 O Level 27 Armour
 + Level 25.4(27) Dodging
 - Level 3.6(8.6) Shields
 + Level 4.4 Spellcasting
 - Level 10.0 Invocations
 - Level 8.0 Evocations


You had 32 spell levels left.
You didn't know any spells.
Your spell library contained the following spells:

 Spells                   Type           Power      Damage    Failure   Level
 Apportation              Tloc           2%         N/A       50%         1
 Foxfire                  Conj/Fire      4%         2x1d4     50%         1
 Freeze                   Ice            4%         1d3       50%         1
 Kiss of Death            Conj/Necr      4%         2d5       50%         1
 Magic Dart               Conj           4%         1d3       50%         1
 Necrotise                Necr           4%         1d4       50%         1
 Sandblast                Erth           2%         2d4       50%         1
 Sting                    Tmut/Pois      4%         1d3       50%         1
 Blink                    Tloc           2%         N/A       63%         2
 Cigotuvi's Dreadful Rot  Necr/Pois/Air  2%         N/A       63%         2
 Ensorcelled Hibernation  Hex/Ice        2%         N/A       63%         2
 Lesser Beckoning         Tloc           2%         N/A       63%         2
 Momentum Strike          Conj/Tloc      2%         3d8       63%         2
 Passwall                 Tmut/Erth      0%         N/A       63%         2
 Poisonous Vapours        Pois/Air       2%         N/A       63%         2
 Scorch                   Fire           2%         2d5       63%         2
 Searing Ray              Conj           2%         2d4       63%         2
 Sublimation of Blood     Necr           1%         N/A       63%         2
 Wereblood                Tmut           1%         N/A       63%         2
 Confusing Touch          Hex            1%         N/A       86%         3
 Dazzling Flash           Conj/Hex       2%         N/A       86%         3
 Frozen Ramparts          Ice            2%         1d1       86%         3
 Gell's Gravitas          Tloc           1%         N/A       86%         3
 Hailstorm                Conj/Ice       1%         3d3       86%         3
 Ignite Poison            Fire/Tmut/Pois 1%         N/A       86%         3
 Inner Flame              Hex/Fire       1%         N/A       86%         3
 Mephitic Cloud           Conj/Pois/Air  1%         N/A       86%         3
 Ozocubu's Armour         Ice            1%         N/A       86%         3
 Portal Projectile        Hex/Tloc       2%         N/A       86%         3
 Spider Form              Tmut/Pois      1%         N/A       86%         3
 Stone Arrow              Conj/Erth      2%         3d7       86%         3
 Teleport Other           Tloc           1%         N/A       86%         3
 Vampiric Draining        Necr           1%         2d6       86%         3
 Vhi's Electric Charge    Tloc/Air       2%         N/A       86%         3
 Volatile Blastmotes      Fire/Tloc      2%         2d10      86%         3
 Anguish                  Hex/Necr       0%         N/A       99%         4
 Cause Fear               Hex            0%         N/A       99%         4
 Dispel Undead            Necr           1%         3d6       99%         4
 Flame Wave               Conj/Fire      1%         2d4       99%         4
 Fulminant Prism          Conj/Hex       0%         3d5       99%         4
 Ice Form                 Ice/Tmut       1%         N/A       99%         4
 Iskenderun's Mystic Bla  Conj/Tloc      1%         2d3       99%         4
 Leda's Liquefaction      Hex/Erth       0%         N/A       99%         4
 Olgreb's Toxic Radiance  Pois           1%         N/A       99%         4
 Petrify                  Tmut/Erth      1%         N/A       99%         4
 Sticky Flame             Conj/Fire      1%         2d3       99%         4
 Agony                    Necr           1%         N/A       100%        5
 Alistair's Intoxication  Tmut/Pois      0%         N/A       100%        5
 Arcjolt                  Conj/Air       0%         1d10      100%        5
 Blade Hands              Tmut           0%         N/A       100%        5
 Borgnjor's Vile Clutch   Necr/Erth      0%         N/A       100%        5
 Fireball                 Conj/Fire      0%         3d3       100%        5
 Freezing Cloud           Conj/Ice/Air   0%         6-21      100%        5
 Lee's Rapid Deconstruct  Erth           0%         3d4*      100%        5
 Metabolic Englaciation   Hex/Ice        0%         N/A       100%        5
 Silence                  Hex/Air        0%         N/A       100%        5
 Dispersal                Tloc           0%         N/A       100%        6
 Plasma Beam              Fire/Air       0%         2x1d11    100%        6
 Starburst                Conj/Fire      0%         6d3       100%        6
 Statue Form              Tmut/Erth      0%         N/A       100%        6
 Dragon Form              Tmut           0%         N/A       100%        7
 Enfeeble                 Hex            0%         N/A       100%        7
 Ozocubu's Refrigeration  Ice            0%         4d7       100%        7
 Borgnjor's Revivificati  Necr           0%         N/A       100%        8
 Discord                  Hex            0%         N/A       100%        8
 Ignition                 Fire           0%         3d3       100%        8
 Necromutation            Tmut/Necr      0%         N/A       100%        8
 Chain Lightning          Conj/Air       0%         2d1       100%        9
 Death's Door             Necr           0%         N/A       100%        9
 Fire Storm               Conj/Fire      0%         6d1       100%        9
 Polar Vortex             Ice            0%         N/A       100%        9
 Shatter                  Erth           0%         3d5*      100%        9
 Summon Small Mammal      Summ           Unusable   N/A       N/A         1
 Call Canine Familiar     Summ           Unusable   N/A       N/A         3
 Summon Guardian Golem    Hex/Summ       Unusable   N/A       N/A         3
 Animate Armour           Summ/Erth      Unusable   N/A       N/A         4
 Animate Dead             Necr           Unusable   N/A       N/A         4
 Summon Ice Beast         Ice/Summ       Unusable   N/A       N/A         4
 Death Channel            Necr           Unusable   N/A       N/A         6
 Simulacrum               Ice/Necr       Unusable   N/A       N/A         6
 Summon Cactus Giant      Summ           Unusable   N/A       N/A         6
 Summon Hydra             Summ           Unusable   N/A       N/A         7
 Dragon's Call            Summ           Unusable   N/A       N/A         9

Dungeon Overview and Level Annotations

Branches:
Dungeon (15/15)            Temple (1/1) D:5            Lair (5/5) D:10
 Shoals (4/4) Lair:3       Spider (4/4) Lair:3          Orc (2/2) D:11
    Elf (3/3) Orc:2        Vaults (5/5) D:14          Crypt (3/3) Vaults:2
   Tomb (0/3) Crypt:3      Depths (4/4) D:15            Zot (2/5) Depths:4
 Bailey (visited)           IceCv (visited)          WizLab (visited)
Desolation (visited)      Gauntlet (visited)
  Slime: Lair:4-5

Altars:
Ashenzari
Cheibriados
Dithmenos
Elyvilon
Fedhas
Gozag
Kikubaaqudgha
Makhleb
Nemelex Xobeh
Okawaru
Ru
Sif Muna
Trog
Uskayaw
Vehumet
Wu Jian
Xom
Yredelemnul
Zin
Jiyva

Shops:
D:15 (   Orc:2 =*:?:(:   Elf:1 *(==!   Elf:3 (   Shoals:1 *   Shoals:2 :
Vaults:2 !   Vaults:3 :   Vaults:5 ?(!??

Portals:
Hell: Depths:1 Depths:2 Depths:3 Depths:4
Abyss: Depths:1 Depths:3
Pandemonium: Depths:2 Depths:4
Ziggurat: Depths:4

Annotations:
D:15 2 transporters, Kaepny's ghost, journeyman SpBr
Lair:1 exclusion: oklob plant
Lair:5 exclusion: oklob plant
Vaults:1 3 runed translucent doors, Kamets Paeg's ghost, master HuCj


Innate Abilities, Weirdness & Mutations

You have a pair of horns on your head.
You reflexively headbutt those who attack you in melee.
You sometimes lose your temper in combat.


Message History

You headbutt the curse toe, but do no damage.
The curse toe is almost destroyed.
You slice the curse toe!!
You destroy the curse toe!
Okawaru accepts your kill.
An orb of fire comes into view.
Really rampage into that cloud of foul pestilence?
Okay, then.
There is a stone staircase leading up here.
You fly upwards.
There is a stone staircase leading down here.
You start waiting.
Done waiting.
You fly downwards.
The orb of fire glows yellow.
The bolt of fire misses you.
The orb of fire glows red.
The bolt of fire hits you!! The fire burns you terribly!
There is a stone staircase leading up here.
You gain the combat prowess of a mighty hero.
The orb of fire emits a lurid red light.
The fireball explodes!
The fireball engulfs you!!!! The fire burns you terribly!
You can now deal lightning-fast blows.
You rampage towards the orb of fire!
The orb of fire glows deep purple.
The fireball explodes!
The fireball engulfs you! The fire burns you terribly!
The fireball engulfs the orb of fire.
The orb of fire completely resists.
The orb of fire glows red.
Strange energies course through your body.
You feel a little pissed off.
You chop the orb of fire into pieces!!!
The orb of fire is moderately damaged.
You completely miss the orb of fire. Your headbutt misses the orb of fire.
The orb of fire is moderately damaged.
The orb of fire glows red.
The fireball explodes!
The fireball engulfs you!!!! The fire burns you terribly!
Ouch! That really hurt!
You die...

#####+##
#......#
#......#
#....<.#
#......#
#....@.+
#....*.#
#......#
#......#
#......#
#......#
#......#
#......#
#......#


You could see an orb of fire.

Vanquished Creatures
  3 dread liches
  2 ancient liches
  3 juggernauts (Depths:3)
  A royal mummy (Crypt:1)
  Sojobo (Crypt:1)
  Bai Suzhen (Elf:3)
  12 caustic shrikes
  2 curse toes
  5 golden dragons
  Nikola (Spider:1)
  A bone dragon (Depths:4)
  6 tentacled monstrosities
  9 liches
  A walking crystal tome (Depths:3)
  10 titans
  A walking divine tome (Depths:1)
  3 death cobs (Zot:1)
  2 deep elf blademasters
  A quicksilver dragon (Depths:3)
  4 deep elf master archers (Elf:3)
  2 tentacled starspawn (Abyss:2)
  11 ancient champions
  2 walking frostbound tomes (Depths:3)
  A sphinx (shapeshifter) (Vaults:5)
  3 shadow dragons
  3 sphinxes
  A kraken (Shoals:2)
  8 storm dragons
  The ghost of Xuirch the Warrior, an adept MiFi of Cheibriados (Shoals:1)
  A draconian monk (Depths:4)
  The ghost of Vorhees the Eclecticist, an adept DjCj of Gozag (Spider:4)
  8 tengu reavers
  6 revenants
  Ilsuiw (Shoals:4)
  9 fire giants
  7 frost giants
  6 deep elf sorcerers (Elf:3)
  16 vault wardens
  3 iron dragons
  A draconian shifter (Depths:4)
  4 imperial myrmidons (Desolation)
  8 emperor scorpions (Spider:4)
  2 spectral caustic shrikes (WizLab)
  A curse skull (Crypt:3)
  27 ironbound preservers
  3 orc warlords
  3 ghost moths
  A balrug (Abyss:2)
  2 reapers
  2 deep elf elementalists (Elf:3)
  4 war gargoyles
  7 ghouls
  3 spriggan defenders
  2 juggernaut skeletons (Crypt:1)
  2 broodmothers
  12 very ugly things
  5 deep elf demonologists
  The ghost of Tohisesh the Thaumaturge, a journeyman OpEE of Gozag (Lair:3)
  18 stone giants
  7 vampire knights
  8 ironbound thunderhulks
  Nessos (D:15)
  A minotaur (Gauntlet)
  2 spectral titans
  8 deep elf annihilators
  3 black draconians
  A purple draconian (Zot:1)
  13 dire elephants
  6 halazid warlocks
  10 spark wasps
  2 red draconians
  A yellow draconian (Zot:1)
  13 eidola
  A white draconian (Zot:1)
  14 deep elf death magi
  4 crystal guardians
  18 ettins
  A blizzard demon (Abyss:2)
  9 deep elf high priests
  A quicksilver dragon zombie (Crypt:1)
  6 jiangshi
  5 entropy weavers
  3 mummy priests (Crypt:1)
  9 merfolk impalers
  6 fire dragons
  Josephine (D:14)
  5 ragged hierophants (Desolation)
  5 great orbs of eyes
  7 merfolk javelineers
  A spectral fenstrider witch (Crypt:1)
  A fenstrider witch zombie (Crypt:3)
  8 ice dragons
  3 hell beasts
  14 yaktaur captains
  30 vault guards
  Erolcha (D:9)
  3 rakshasas (Depths:2)
  7 servants of whispers (Desolation)
  10 peacekeepers
  2 catoblepae
  5 merfolk avatars
  5 radroaches
  6 boulder beetles
  3 ogre magi
  2 spriggan air magi
  2 spriggan skeletons
  7 ironbound frosthearts
  An anaconda (shapeshifter) (Vaults:5)
  17 centaur warriors
  6 two-headed ogres
  A jorogumo (shapeshifter) (Vaults:4)
  A quicksilver dragon skeleton (Crypt:1)
  3 hydras (Lair:5)
  8 satyrs
  A catoblepas (shapeshifter) (Depths:2)
  A bennu zombie (Crypt:1)
  A spectral draconian (Crypt:1)
  35 dancing weapons
  2 alligator snapping turtles
  5 deep troll shamans
  9 merfolk aquamancers
  3 tengu warriors
  6 death yaks (Lair:5)
  7 vampire magi
  2 titan zombies
  A death scarab (Spider:3)
  A spectral stone giant (Crypt:1)
  9 deep troll earth magi
  A shock serpent (shapeshifter) (Vaults:4)
  6 spriggan berserkers
  A hell hog (Depths:1)
  2 thrashing horrors (Abyss:2)
  3 spectral nagas (Crypt:1)
  16 deep elf knights
  A titan skeleton (Depths:2)
  4 shadow wraiths
  2 sun moths
  6 sun demons
  A golden dragon zombie (Crypt:1)
  9 soul eaters
  4 pharaoh ants
  8 skysharks
  A fire crab (Lair:4)
  The ghost of initializr the Nimble, a novice SpGl of Okawaru (D:9)
  9 iron trolls
  5 glowing orange brains
  5 flayed ghosts
  28 skeletal warriors
  12 orb spiders
  A spectral bunyip (Crypt:1)
  87 deep trolls
  15 sea snakes
  A death drake (shapeshifter) (Depths:2)
  A quicksilver dragon simulacrum (Depths:4)
  A spectral hydra (Crypt:1)
  3 spark wasp zombies
  14 deep elf archers
  20 ironbound convokers
  15 phantasmal warriors
  10 lindwurms
  An obsidian statue (Crypt:1)
  10 necromancers
  10 orc knights
  4 wizards
  A bunyip skeleton (Crypt:1)
  A shadow dragon zombie (Vaults:4)
  31 deep elf pyromancers
  21 harpies
  30 deep elf zephyrmancers
  A goliath frog zombie (Crypt:3)
  2 wolf spider zombies (WizLab)
  10 steelbarb worms
  An oklob plant (Shoals:4)
  26 ugly things
  23 fauns
  A cyclops (D:11)
  A stone giant zombie (Crypt:3)
  9 moths of wrath
  10 elephants
  5 spectral spriggans
  15 manticores
  8 merfolk sirens
  A cyclops (shapeshifter) (Vaults:5)
  24 wolf spiders
  3 guardian serpents (Desolation)
  2 black mambas
  18 vault sentinels
  An ice statue (IceCv)
  4 molten gargoyles
  2 naga zombies (Crypt:1)
  7 demonic crawlers
  5 water nymphs
  13 cane toads
  2 smoke demons
  5 torpor snails
  A gargoyle (D:11)
  2 dire elephant skeletons (Crypt:1)
  31 yaktaurs
  Psyche (D:8)
  A redback zombie (Crypt:2)
  9 freezing wraiths
  A kobold demonologist (D:11)
  An alligator snapping turtle skeleton (Crypt:3)
  An efreet (Abyss:2)
  A purple draconian zombie (Crypt:3)
  4 centaur skeletons
  An anaconda simulacrum (Crypt:3)
  12 komodo dragons
  4 tengu conjurers
  10 ice devils (IceCv)
  4 spectral harpies
  A red devil (Gauntlet)
  8 guardian mummies (Crypt:1)
  2 harpy zombies
  A hydra zombie (Crypt:3)
  An ancient zyme (Abyss:2)
  A queen bee (D:14)
  5 trolls
  A polar bear (shapeshifter) (Vaults:5)
  4 polar bears
  9 meliai
  3 hellwings
  21 merfolk
  32 tarantellas
  4 hornets (Depths:3)
  6 wind drakes
  A spectral swamp dragon (Crypt:1)
  A satyr zombie (Crypt:1)
  6 snapping turtles
  2 spriggan zombies (WizLab)
  3 raiju (Abyss:2)
  43 saltlings (Desolation)
  17 blink frogs
  30 jumping spiders
  30 slime creatures
  35 culicivoras
  A spectral black mamba (Crypt:1)
  A culicivora (shapeshifter) (Elf:2)
  12 flying skulls
  2 ynoxinuls (Abyss:2)
  11 water elementals
  3 air elementals
  18 shadows
  A wind drake zombie (Crypt:2)
  4 spriggans (Depths:3)
  5 large abominations
  3 vampires (Vaults:2)
  3 dire elephant simulacra (IceCv)
  8 fire elementals
  2 steam dragons
  A basilisk (shapeshifter) (D:13)
  10 wraiths
  2 death yak simulacra (IceCv)
  2 basilisks
  21 yaks
  2 chaos spawn (Abyss:2)
  50 redbacks
  An acid dragon (D:10)
  Edmund (D:4)
  A merfolk zombie (Crypt:2)
  3 harpy simulacra (IceCv)
  4 wargs
  9 water moccasins
  A glowing shapeshifter skeleton (Crypt:2)
  A floating eye (Depths:2)
  A demonspawn skeleton (Crypt:3)
  A black bear (Lair:5)
  47 orc warriors
  3 ice beasts
  A sky beast (D:7)
  2 small abominations (Abyss:2)
  An elf simulacrum (Vaults:4)
  4 boggarts (Vaults:3)
  A rime drake zombie (Crypt:3)
  4 ogres
  29 wolves
  18 centaurs
  A phantom (D:7)
  3 elf zombies (Elf:1)
  3 kobold brigands
  Blork the orc (D:4)
  3 scorpions
  A wyvern zombie (Crypt:1)
  8 bullfrogs
  3 earth elementals
  2 gnoll sergeants
  2 cane toad simulacra (IceCv)
  3 necrophages
  An ogre simulacrum (Vaults:3)
  A cyclops skeleton (Crypt:3)
  A wyvern skeleton (Crypt:3)
  19 killer bees
  An electric eel (D:11)
  4 elephant simulacra (IceCv)
  3 howler monkeys (D:14)
  2 crimson imps (Gauntlet)
  A centaur zombie (Crypt:2)
  6 lava snakes
  3 hounds
  A jelly (D:6)
  An iron imp (Abyss:2)
  15 orc priests
  A gnoll bouda (D:8)
  6 iguanas
  Jessica (D:2)
  21 orc wizards
  Natasha (D:1)
  A boggart skeleton (D:14)
  A basilisk skeleton (Crypt:2)
  A scorpion zombie (Crypt:2)
  3 spriggan simulacra (IceCv)
  6 polar bear simulacra (IceCv)
  6 wolf simulacra (IceCv)
  A deep dwarf skeleton (Crypt:1)
  Robin (D:3)
  21 gnolls
  4 adders
  2 naga simulacra (IceCv)
  A swamp drake zombie (Crypt:1)
  2 white imps
  3 ufetubi
  An adder zombie (Crypt:1)
  7 worms
  94 orcs
  8 ball pythons
  7 endoplasms
  A giant cockroach (D:3)
  17 goblins
  16 hobgoblins
  5 jackals
  26 kobolds
  5 quokkas
  5 bats
  3 frilled lizards
  An orc zombie (Crypt:3)
  A quokka skeleton (Crypt:3)
  2 quokka zombies
  5 rats
  A river rat skeleton (Crypt:3)
  2 starspawn tentacles (Abyss:2)
  2 tentacles (Shoals:2)
2296 creatures vanquished.

Vanquished Creatures (others)
  A manticore (Shoals:2)
  A redback (Spider:3)
  6 starspawn tentacles (Abyss:2)
  2 tentacles (Shoals:2)
10 creatures vanquished.

Grand Total: 2306 creatures vanquished

Notes
Turn   | Place    | Note
-------+----------+-------------------------------------------
     0 | D:1      | erloom the Minotaur Fighter began the quest for the Orb.
     0 | D:1      | Reached XP level 1. HP: 19/19 MP: 0/0
   172 | D:1      | Reached XP level 2. HP: 18/26 MP: 1/1
   263 | D:1      | Found a faded altar of an unknown god.
   791 | D:2      | Noticed Natasha
   793 | D:2      | Noticed Jessica
   799 | D:1      | Killed Natasha
   800 | D:1      | Reached XP level 3. HP: 31/31 MP: 2/2
   932 | D:2      | Killed Jessica
   933 | D:2      | Reached skill level 5 in Axes
   933 | D:2      | Reached XP level 4. HP: 20/39 MP: 3/3
  1788 | D:3      | You fall into a shaft and drop 3 floors!
  1829 | D:6      | Noticed a gnoll sergeant
  1849 | D:6      | Noticed a bullfrog
  1871 | D:5      | Entered Level 5 of the Dungeon
  1871 | D:5      | Noticed a centaur
  1872 | D:5      | Killed a bullfrog
  1872 | D:5      | Noticed a scorpion
  1873 | D:5      | Reached XP level 5. HP: 17/45 MP: 4/4
  1877 | D:5      | Killed a centaur
  1878 | D:5      | Reached XP level 6. HP: 17/51 MP: 5/5
  2017 | D:5      | Found a staircase to the Ecumenical Temple.
  2110 | Temple   | Entered the Ecumenical Temple
  2344 | Temple   | Became a worshipper of Warmaster Okawaru
  2431 | D:5      | Noticed an ice beast
  2454 | D:5      | Killed an ice beast
  2525 | D:5      | Reached XP level 7. HP: 43/58 MP: 6/6
  2657 | D:4      | Noticed Edmund
  2682 | D:4      | Killed Edmund
  2682 | D:4      | Reached * piety under Okawaru
  2967 | D:3      | Noticed Robin
  2978 | D:3      | Killed Robin
  3119 | D:3      | Reached skill level 5 in Fighting
  3658 | D:4      | Reached skill level 10 in Axes
  4009 | D:5      | Noticed Blork the orc
  4016 | D:4      | Killed Blork the orc
  4168 | D:5      | Reached XP level 8. HP: 70/70 MP: 7/7
  4612 | D:6      | Reached ** piety under Okawaru
  4613 | D:6      | Reached skill level 5 in Armour
  5115 | D:7      | Identified the amulet "Zeaniq Ully" {Acrobat Will+}
  5282 | D:7      | Reached XP level 9. HP: 68/81 MP: 8/8
  5483 | D:7      | Reached *** piety under Okawaru
  5539 | D:7      | Found a radiant altar of Vehumet.
  5539 | D:7      | Found a hide-covered altar of Uskayaw.
  5937 | D:8      | Reached skill level 1 in Invocations
  6486 | D:8      | Noticed Psyche
  6496 | D:8      | Killed Psyche
  6839 | D:8      | Reached **** piety under Okawaru
  7031 | D:9      | Found a runed translucent door.
  7031 | D:9      | Noticed initializr's ghost (novice SpGl)
  7380 | D:9      | Noticed Erolcha
  7394 | D:9      | Killed Erolcha
  7395 | D:9      | Reached XP level 10. HP: 56/91 MP: 6/11
  7709 | D:10     | Entered Level 10 of the Dungeon
  7800 | D:10     | Reached skill level 10 in Fighting
  7867 | D:10     | Found a staircase to the Lair.
  7947 | D:10     | Found a flagged portal.
  7962 | Bailey   | Entered a bailey
  7971 | Bailey   | Noticed an orc warlord
  8038 | Bailey   | Reached ***** piety under Okawaru
  8181 | Bailey   | Found a runed translucent gate.
  8183 | Bailey   | Found a runed translucent gate.
  8185 | Bailey   | Found a runed translucent gate.
  8313 | Bailey   | Killed an orc warlord
  8314 | Bailey   | Reached skill level 5 in Invocations
  8453 | Bailey   | Identified the ring of the Dragon {rElec rN++ Str+6 Int+4
                  | Stlth+}
  8478 | Bailey   | Reached XP level 11. HP: 104/104 MP: 13/13
  8933 | Lair:1   | Entered Level 1 of the Lair of Beasts
  9194 | Lair:1   | Reached XP level 12. HP: 113/113 MP: 14/14
  9256 | Lair:1   | Reached skill level 15 in Axes
  9338 | Lair:1   | Received a gift from Okawaru
  9497 | Lair:1   | Found a blossoming altar of Fedhas.
  9550 | Lair:1   | Noticed a catoblepas
  9563 | Lair:1   | Killed a catoblepas
 10329 | Lair:2   | Reached skill level 1 in Evocations
 11464 | Lair:3   | Found a large runed translucent door.
 11464 | Lair:3   | Found a large runed translucent door.
 11473 | Lair:3   | Noticed Tohisesh's ghost (journeyman OpEE)
 11790 | Lair:3   | Found a hole to the Spider Nest.
 11855 | Lair:3   | Reached ****** piety under Okawaru
 12498 | Lair:3   | Identified the +2 cloak of Noon {rPois rF- rC++ Str+3
                  | Dex+3}
 12788 | Lair:4   | Reached XP level 13. HP: 113/124 MP: 15/15
 12927 | Lair:4   | Identified the +2 battleaxe of the Weasel {vamp, rPois
                  | Dex+5} (Okawaru gifted it to you on level 4 of the Lair of
                  | Beasts)
 12927 | Lair:4   | Received a gift from Okawaru
 13670 | Lair:5   | Entered Level 5 of the Lair of Beasts
 13819 | Lair:5   | Found a viscous altar of Jiyva.
 13974 | Lair:5   | Identified the scarf of Ennui {harm, rElec rPois Will+}
                  | (Okawaru gifted it to you on level 5 of the Lair of Beasts)
 13974 | Lair:5   | Received a gift from Okawaru
 14270 | Lair:5   | Reached skill level 15 in Fighting
 15047 | Lair:5   | Noticed a dire elephant
 15057 | Lair:5   | Killed a dire elephant
 15343 | D:9      | Killed initializr's ghost
 15439 | D:11     | Reached skill level 15 in Armour
 15439 | D:11     | Reached XP level 14. HP: 133/135 MP: 18/18
 15568 | D:11     | Found a staircase to the Orcish Mines.
 15597 | Orc:1    | Entered Level 1 of the Orcish Mines
 15644 | Orc:1    | Received a gift from Okawaru
 15845 | Orc:2    | Entered Level 2 of the Orcish Mines
 15845 | Orc:2    | Found Vecab's Book Shop.
 15845 | Orc:2    | Found a staircase to the Elven Halls.
 16402 | Orc:2    | Found Zouck's Book Emporium.
 16462 | Orc:2    | Found Olyfrah's Antique Weapon Boutique.
 16773 | Arena    | Entered the Arena
 16885 | Orc:2    | Bought an ebony war axe for 306 gold pieces
 16885 | Orc:2    | Identified the +4 war axe of Jesaven {freeze, rPois rN+}
                  | (You bought it in a shop on level 2 of the Orcish Mines)
 16976 | Orc:2    | Found Cissag's Book Emporium.
 16976 | Orc:2    | Found Deanak's Assorted Antiques.
 16978 | Orc:2    | Found Hyacuv's Jewellery Shop.
 16980 | Orc:2    | Found Xesoaxoi's Magic Scroll Shoppe.
 16985 | Orc:2    | Bought a scroll of identify for 28 gold pieces
 16985 | Orc:2    | Bought a scroll of enchant weapon for 105 gold pieces
 16985 | Orc:2    | Bought a scroll of identify for 28 gold pieces
 16985 | Orc:2    | Bought a scroll of magic mapping for 105 gold pieces
 16985 | Orc:2    | Bought a scroll of identify for 28 gold pieces
 16989 | Orc:2    | Bought a shimmering plate armour for 952 gold pieces
 16989 | Orc:2    | Identified the +9 plate armour of the Land of Plenty
                  | {Slay+2} (You bought it in a shop on level 2 of the Orcish
                  | Mines)
 17574 | Orc:2    | Bought a ring of fire for 425 gold pieces
 19182 | D:13     | Found a frozen archway.
 19194 | D:13     | Received a gift from Okawaru
 19204 | IceCv    | Entered an ice cave
 19604 | IceCv    | Found an ancient bone altar of Kikubaaqudgha.
 20258 | D:14     | Reached XP level 15. HP: 137/146 MP: 12/21
 20877 | D:14     | Noticed Josephine
 20883 | D:14     | Killed Josephine
 21173 | D:14     | Found a gate to the Vaults.
 21366 | D:15     | Entered Level 15 of the Dungeon
 21383 | D:15     | Received a gift from Okawaru
 21384 | D:15     | Reached skill level 10 in Invocations
 21587 | D:15     | Identified the +1 sling "Quptakuo" {freeze, rF+ Str-4
                  | Stlth+}
 21638 | D:15     | Found a gate leading to a gauntlet.
 21662 | Gauntlet | Entered a Gauntlet
 21662 | Gauntlet | Found a transporter.
 21662 | Gauntlet | Found a runed translucent door.
 21663 | Gauntlet | Found a runed translucent door.
 21665 | Gauntlet | Found a transporter.
 21667 | Gauntlet | Found a transporter.
 21802 | Gauntlet | Found a transporter.
 21903 | Gauntlet | Found a transporter.
 21906 | Gauntlet | Found a transporter.
 21915 | Gauntlet | Found a transporter.
 21924 | Gauntlet | Found a runed translucent gate.
 21924 | Gauntlet | Found a runed translucent gate.
 21924 | Gauntlet | Found a runed translucent gate.
 21938 | Gauntlet | Found a transporter.
 21943 | Gauntlet | Found a transporter.
 21961 | Gauntlet | Identified the +1 helmet "Exezaah" {Drain rPois Will+
                  | Dex+3}
 21964 | Gauntlet | Found a transporter.
 21982 | Gauntlet | Identified the +5 chain mail of Exclusion {rPois Dex-2
                  | Slay+6}
 22052 | D:15     | Found Poatturo's Antique Weapon Emporium.
 22306 | D:15     | Noticed Kaepny's ghost (journeyman SpBr)
 22312 | D:15     | Found a transporter.
 22335 | D:15     | Found a transporter.
 22446 | D:15     | Found a staircase to the Depths.
 22573 | D:15     | Received a gift from Okawaru
 22760 | D:15     | Noticed Nessos
 22766 | D:15     | Killed Nessos
 23073 | Spider:1 | Entered Level 1 of the Spider Nest
 23107 | Lair:3   | Killed Tohisesh's ghost
 24346 | Lair:3   | Reached skill level 5 in Evocations
 24510 | Spider:1 | Noticed Nikola
 24523 | Spider:1 | Killed Nikola
 24901 | Spider:2 | Reached XP level 16. HP: 151/157 MP: 13/22
 25213 | D:15     | Bought an encrusted arbalest for 275 gold pieces
 25213 | D:15     | Identified the +4 arbalest of Araeriy {penet, MP+9 Int-3
                  | Dex+3} (You bought it in a shop on level 15 of the Dungeon)
 25231 | D:15     | Upgraded the game from 0.31-a0-1-g4198be8af4 to
                  | 0.31-a0-18-gea43df2a32
 25637 | Spider:2 | Identified the +5 battleaxe of Armageddon {protect, *Noise
                  | *Slow rElec Int+5} (Okawaru gifted it to you on level 2 of
                  | the Spider Nest)
 25637 | Spider:2 | Received a gift from Okawaru
 27101 | Spider:3 | Identified the +8 executioner's axe of Severance {flame,
                  | rC+ Dex+2} (Okawaru gifted it to you on level 3 of the
                  | Spider Nest)
 27101 | Spider:3 | Received a gift from Okawaru
 27102 | Spider:3 | Reached skill level 1 in Dodging
 27227 | Spider:3 | Reached skill level 1 in Throwing
 28269 | Spider:3 | Identified the +1 spear "Nuceixkaca" {freeze, Str+4}
 28589 | Spider:4 | Entered Level 4 of the Spider Nest
 28887 | Spider:4 | Received a gift from Okawaru
 29014 | Spider:4 | Found a runed translucent door.
 29015 | Spider:4 | Noticed Vorhees's ghost (adept DjCj)
 29073 | Spider:4 | Killed Vorhees's ghost
 29316 | Spider:4 | Reached XP level 17. HP: 111/168 MP: 0/23
 29758 | Spider:4 | Identified the +0 hat of Depression {Fly rPois rC-}
 30085 | Spider:4 | Reached skill level 5 in Dodging
 30434 | Spider:4 | Got a gossamer rune of Zot
 30740 | Shoals:1 | Entered Level 1 of the Shoals
 30966 | Shoals:1 | Found Arghytes's Assorted Antiques.
 30972 | Shoals:1 | Received a gift from Okawaru
 30972 | Shoals:1 | Found the +15 Maxwell's patent armour {-Cast -Tele rElec
                  | Will+ rCorr}
 31223 | Shoals:1 | Reached skill level 5 in Throwing
 31331 | Shoals:1 | Found a runed translucent door.
 31332 | Shoals:1 | Noticed Xuirch's ghost (adept MiFi)
 31359 | Shoals:1 | Killed Xuirch's ghost
 31360 | Shoals:1 | Identified the +2 leather armour of Temperance {Fly rN+
                  | Int+2 Dex+2}
 32456 | Shoals:2 | Found Xanuts's Vocational Training.
 33077 | Shoals:2 | Received a gift from Okawaru
 33705 | Shoals:2 | Reached XP level 18. HP: 151/178 MP: 20/24
 35317 | Shoals:4 | Entered Level 4 of the Shoals
 35446 | Abyss:2  | Cast into level 2 of the Abyss (merfolk javelineer)
 35628 | Abyss:2  | Received a gift from Okawaru
 35848 | Abyss:2  | Found a sacrificial altar of Ru.
 35897 | Shoals:4 | Escaped the Abyss
 36255 | Shoals:4 | Noticed Ilsuiw
 36267 | Shoals:4 | Killed Ilsuiw
 36434 | Shoals:4 | Received a gift from Okawaru
 36725 | Shoals:4 | Got Sitit's Secrets of Frostbitten Nephomancy
 36760 | Shoals:4 | Got a barnacled rune of Zot
 37250 | Shoals:4 | Identified the +6 flail "Kivin" {heavy, rElec rC- Str+2}
 37258 | Shoals:4 | Found a shimmering blue altar of Sif Muna.
 37988 | Vaults:1 | Entered Level 1 of the Vaults
 38011 | Vaults:1 | Identified the +2 war axe "Worm's Wrath" {freeze, Will+
                  | MP+9 Str+3}
 38075 | D:14     | Received a gift from Okawaru
 38488 | Vaults:1 | Found a runed translucent gate.
 38488 | Vaults:1 | Found a runed translucent gate.
 38488 | Vaults:1 | Found a runed translucent gate.
 38488 | Vaults:1 | Noticed Kamets Paeg's ghost (master HuCj)
 38799 | Vaults:1 | Reached XP level 19. HP: 188/188 MP: 19/25
 39728 | Vaults:1 | Found a viscous altar of Jiyva.
 39768 | Vaults:2 | Found Xuish's Distillery.
 39806 | Vaults:2 | Reached skill level 10 in Dodging
 40460 | Vaults:2 | Identified the +0 robe "Minyah" {rF+ Regen+ Dex+3 Stlth+}
                  | (Okawaru gifted it to you on level 2 of the Vaults)
 40460 | Vaults:2 | Received a gift from Okawaru
 41019 | Vaults:2 | Reached skill level 10 in Throwing
 41764 | Vaults:2 | Found a staircase to the Crypt.
 42307 | Vaults:3 | Found Relewk's Book Shop.
 42512 | Vaults:3 | Received a gift from Okawaru
 42705 | Vaults:3 | Reached XP level 20. HP: 171/200 MP: 14/26
 43216 | Vaults:3 | Received a gift from Okawaru
 43347 | Vaults:3 | Identified the +0 robe "Caakh" {rElec rC+} (Okawaru gifted
                  | it to you on level 3 of the Vaults)
 43347 | Vaults:3 | Received a gift from Okawaru
 44148 | Vaults:4 | Found a crumbling gateway.
 44183 | Desolati | Entered the Desolation of Salt
 44248 | Desolati | Identified the +2 scale mail "Kosheov" {Harm rPois}
 44478 | Desolati | Identified the amulet "Voffuhen" {Faith Will+ rCorr}
 44535 | Desolati | Identified the +0 scale mail of Noon {Int+8}
 44535 | Desolati | Identified the ring of the Glimmering Gods {rF+ Int+4}
 44638 | Desolati | Got the Discursus on Calefaction
 44643 | Desolati | Identified the +5 scale mail "Fonlac" {Int+3}
 44644 | Desolati | Identified the ring "Bophiz" {rElec rC+ rN+ Str+4 Dex-3}
 44804 | Desolati | Identified the +1 cloak of Insecurity {rPois rF+ Will+}
                  | (Okawaru gifted it to you in the Desolation of Salt)
 44804 | Desolati | Received a gift from Okawaru
 45066 | Desolati | Identified the staff of cold "Doil" {rPois rC+ Dex+6}
 45072 | Desolati | Got the Textbook on Rallying and Ensorcelling
 45688 | Vaults:4 | Reached XP level 21. HP: 210/210 MP: 21/27
 46651 | Vaults:5 | Entered Level 5 of the Vaults
 46651 | Vaults:5 | Noticed a dread lich
 46663 | Arena    | Entered the Arena
 46667 | Arena    | Killed a dread lich
 46674 | Arena    | Entered the Arena
 46962 | Vaults:4 | Paralysed by a jorogumo for 1 turns
 47494 | Vaults:5 | Received a gift from Okawaru
 47495 | Arena    | Entered the Arena
 48285 | Vaults:5 | Found Jollup's Weapon Shop.
 48286 | Vaults:5 | Got Qatiob's Papyrus of Frostbound Sculpting
 48331 | Vaults:5 | Noticed an ancient lich
 48334 | Vaults:5 | Killed an ancient lich
 48619 | Vaults:5 | Noticed a dread lich
 48645 | Vaults:5 | Killed a dread lich
 48652 | Vaults:5 | Reached XP level 22. HP: 134/223 MP: 5/28
 48701 | Vaults:5 | Reached skill level 15 in Dodging
 48878 | Vaults:5 | Noticed a golden dragon
 48885 | Vaults:5 | Killed a golden dragon
 48885 | Vaults:5 | Received a gift from Okawaru
 49092 | Vaults:5 | Found Heaneut's Magic Scroll Shop.
 49260 | Vaults:5 | Found Utrer Xor's Distillery.
 49308 | Vaults:5 | Bought a potion of heal wounds for 110 gold pieces
 49308 | Vaults:5 | Bought a potion of curing for 66 gold pieces
 49308 | Vaults:5 | Bought a potion of curing for 66 gold pieces
 49308 | Vaults:5 | Bought 2 potions of curing for 132 gold pieces
 49308 | Vaults:5 | Bought a potion of curing for 66 gold pieces
 49370 | Vaults:5 | Found Sauseini's Magic Scroll Emporium.
 49376 | Vaults:5 | Bought a scroll of teleportation for 66 gold pieces
 49376 | Vaults:5 | Bought a scroll of teleportation for 66 gold pieces
 49376 | Vaults:5 | Bought a scroll of teleportation for 66 gold pieces
 49675 | Vaults:5 | Found the ring of the Octopus King
 49798 | Vaults:5 | Got the Verses on Refrigeration and the Discharge
 49828 | Vaults:5 | Identified a ring of the Octopus King {Fly HP+2 AC+2 EV+2
                  | SH+2}
 49864 | Vaults:5 | Identified the +1 leather armour of Resonance {rElec rN+
                  | rCorr Str-5}
 49875 | Vaults:5 | Identified the +7 quarterstaff "Ukheaj" {holy, Fly rF-
                  | MP+9}
 50068 | Vaults:5 | Got a silver rune of Zot
 50145 | Vaults:5 | Found Nacused's Magic Scroll Shop.
 50474 | Elf:1    | Entered Level 1 of the Elven Halls
 50616 | Elf:1    | Found Kuyj's Distillery.
 50624 | Elf:1    | Bought a potion of haste for 130 gold pieces
 50624 | Elf:1    | Bought 2 potions of resistance for 260 gold pieces
 50624 | Elf:1    | Bought a potion of heal wounds for 65 gold pieces
 50624 | Elf:1    | Bought a potion of heal wounds for 65 gold pieces
 50678 | Elf:1    | Identified the +8 hand axe of Past Mistakes {drain, rElec
                  | rC- rN+} (Okawaru gifted it to you on level 1 of the Elven
                  | Halls)
 50678 | Elf:1    | Received a gift from Okawaru
 50699 | Elf:1    | HP: 9/226 [deep elf archer/arrow (16)]
 51610 | Elf:1    | Found Leseb's Assorted Antiques.
 51618 | Elf:1    | Bought a wand of digging (5) for 714 gold pieces
 51647 | Elf:1    | Found Onludgh's Weapon Shop.
 51719 | Elf:1    | Found a shimmering blue altar of Sif Muna.
 51805 | Elf:1    | Found Imeomairch's Jewellery Shop.
 51890 | Elf:1    | Found Byhoid's Jewellery Emporium.
 51946 | Elf:1    | Reached skill level 27 in Armour
 51995 | Elf:1    | Got the Guide on Corpses
 52418 | Elf:2    | Identified the +4 chain mail "Pomavo Ywai" {Will+ Str+4
                  | Stlth+}
 52514 | Elf:2    | Received a gift from Okawaru
 52787 | Elf:2    | Found a huge runed translucent gate.
 52787 | Elf:2    | Found a huge runed translucent gate.
 52787 | Elf:2    | Found a huge runed translucent gate.
 52787 | Elf:2    | Found a huge runed translucent gate.
 52787 | Elf:2    | Found a huge runed translucent gate.
 53260 | Elf:2    | Identified the +2 pair of gloves of Midsummer {rC+ rN+
                  | Will+} (Okawaru gifted it to you on level 2 of the Elven
                  | Halls)
 53260 | Elf:2    | Received a gift from Okawaru
 53639 | Elf:3    | Entered Level 3 of the Elven Halls
 53639 | Elf:3    | Found a magical portal.
 53650 | WizLab   | Entered Borgnjor's Mausoleum
 53759 | WizLab   | Reached XP level 23. HP: 187/239 MP: 29/29
 53771 | WizLab   | Reached skill level 27 in Fighting
 54456 | Elf:3    | Found Ommautut's Weapon Shop.
 54548 | Elf:3    | Noticed Bai Suzhen
 54574 | Elf:3    | Identified the +2 quarterstaff of the Tundras {speed, *Rage
                  | rElec Str+2}
 54644 | Elf:3    | Killed Bai Suzhen
 54825 | Elf:3    | Identified the +4 battleaxe of Wevof {flame, rElec rF+}
                  | (Okawaru gifted it to you on level 3 of the Elven Halls)
 54825 | Elf:3    | Received a gift from Okawaru
 55100 | Elf:3    | Identified the +6 broad axe "Ucragror" {freeze, Int+4
                  | Dex+4}
 55192 | Elf:3    | Identified the ring of Nemelex Xobeh's Favour {rF+ Dex+3}
 55696 | Elf:3    | Identified the +0 animal skin "Coityov" {rPois Dex+5
                  | Stlth+} (Okawaru gifted it to you on level 3 of the Elven
                  | Halls)
 55696 | Elf:3    | Received a gift from Okawaru
 55764 | Elf:3    | Identified the +1 ring mail "Yhyriutu" {rCorr Int+4 Dex+3}
 55777 | Elf:3    | Identified the ring of Bituum {Str+4 Int+6}
 55787 | Elf:3    | Identified the +0 leather armour of the Locust {rF+ Regen+
                  | Str-3}
 55807 | Elf:3    | Identified the +1 morningstar "Qevvecw" {drain, Str+3}
 56133 | Depths:1 | Entered Level 1 of the Depths
 56339 | Depths:1 | Found a hide-covered altar of Uskayaw.
 56531 | Depths:1 | Found a one-way gate to the infinite horrors of the Abyss.
 56823 | Depths:1 | Found a gateway to Hell.
 57511 | Depths:2 | Noticed a caustic shrike
 57547 | Depths:2 | Killed a caustic shrike
 58187 | Depths:2 | Found a shimmering altar of Xom.
 58511 | Depths:2 | Paralysed by a floating eye for 3 turns
 58524 | Depths:2 | Reached XP level 24. HP: 249/249 MP: 29/29
 58544 | Depths:2 | Found a one-way gate leading to the halls of Pandemonium.
 58557 | Depths:2 | Found a white marble altar of Elyvilon.
 59235 | Depths:3 | Received a gift from Okawaru
 59247 | Depths:3 | Noticed a juggernaut
 59564 | Depths:3 | Identified the +8 plate armour of Prudence {Will+ Str+4}
                  | (Okawaru gifted it to you on level 3 of the Depths)
 59564 | Depths:3 | Received a gift from Okawaru
 59795 | Depths:3 | Killed a juggernaut
 59855 | Depths:3 | Noticed a juggernaut
 59867 | Depths:3 | Killed a juggernaut
 60448 | Depths:3 | Noticed a juggernaut
 60831 | Depths:3 | Killed a juggernaut
 61086 | Depths:4 | Entered Level 4 of the Depths
 61113 | Depths:4 | Received a gift from Okawaru
 61137 | Depths:4 | Found a one-way gateway to a ziggurat.
 61413 | Depths:4 | Found a gate to the Realm of Zot.
 61546 | Depths:4 | Identified the +7 morningstar "Beque" {drain, rPois Str+3
                  | Int+3 Stlth-}
 61897 | Depths:4 | Reached XP level 25. HP: 257/257 MP: 29/29
 62245 | Crypt:1  | Entered Level 1 of the Crypt
 62252 | Crypt:1  | Received a gift from Okawaru
 63097 | Crypt:1  | Noticed a royal mummy
 63111 | Crypt:1  | Killed a royal mummy
 63634 | Crypt:1  | Noticed Sojobo
 63654 | Crypt:1  | Killed Sojobo
 64329 | Crypt:2  | Found an ancient bone altar of Kikubaaqudgha.
 64348 | Crypt:2  | Received a gift from Okawaru
 64378 | Crypt:2  | Identified a scroll of acquirement
 64489 | Crypt:2  | Acquired a manual of Translocations
 64860 | Crypt:2  | Reached skill level 1 in Spellcasting
 65097 | Crypt:3  | Entered Level 3 of the Crypt
 65178 | Crypt:3  | Found a staircase to the Tomb.
 65313 | Crypt:3  | Noticed an ancient lich
 65320 | Crypt:3  | Killed an ancient lich
 65472 | Crypt:3  | Noticed a dread lich
 65479 | Crypt:3  | Killed a dread lich
 66570 | Crypt:3  | Identified the amulet "Quskief" {Reflect Harm Will+++ Dex-3
                  | SH+5 Stlth-}
 67119 | Zot:1    | Entered Level 1 of the Realm of Zot
 67956 | Zot:1    | Received a gift from Okawaru
 68490 | Zot:1    | Identified the +1 chain mail "Qoningat" {Fly rPois Regen+}
 68833 | Zot:2    | Noticed an orb of fire
 68943 | Zot:2    | Gained mutation: You sometimes lose your temper in combat.
                  | [an orb of fire]
 68945 | Zot:2    | Killed from afar by an orb of fire

Illustrated notes

Levels and vault maps discovered:
D:1:      minmay_arrival_arboretum_large, layout_basic,
          dreamdust_ecumenical_altar_hidden_monk_grotto
D:2:      layout_basic, grunt_decor_fettered, nicolae_grassy_gnolls,
          uniq_jessica, uniq_natasha
D:3:      layout_basic, minmay_fractal_squares_diagonal_5, uniq_robin
D:4:      layout_gridville, minmay_stone_trees_small, kennysheep_generic_room_2,
          uniq_edmund
D:5:      layout_rooms, minmay_temple_entry_mist, uniq_blork_the_orc
D:6:      layout_basic
D:7:      layout_gridville, jmf_multi_god_temple, minmay_starry_boxes
D:8:      layout_basic, uniq_psyche
D:9:      layout_loops_cross, hellmonk_ghost_happy_afterlife, uniq_erolcha
D:10:     layout_basic, lair_entry_dummy, enter_bailey_5
D:11:     layout_loops_ring, erik_orc_2
D:12:     wander_river, layout_irregular_city, minmay_misc_feat_chi
D:13:     layout_loops_ring, portal_ice_cave_entry_animals_and_master
D:14:     layout_rooms, hangedman_vaults_entry_quadrant_bands, kennysheep_boxes,
          hive_lemuel, uniq_josephine
D:15:     grunt_enter_depths_giant_problem, layout_basic,
          minmay_strange_pillars, serial_shops, nicolae_shop_back_alley_shop,
          gauntlet_entry_generic, gammafunk_ghost_berserking_beasts, uniq_nessos
Temple:   mainiacjoe_temple_big_plus
Lair:1:   layout_small_grid, special_room, hangedman_tree_tricks
Lair:2:   layout_long_grid
Lair:3:   layout_layer_cave, nicolae_shoals_entry_flooding,
          nicolae_spider_entry_tight_spaces, ebering_ghost_disaster_area,
          serial_bayou_shore_a
Lair:4:   layout_regular_city, grunt_megastairs_3, infiniplex_staircase_pool_2
Lair:5:   grunt_lair_end_beastmaster, layout_cave_pods,
          minmay_slime_entry_oklob_enclosed
Shoals:1: layout_shoals, ebering_ghost_inner_flame, serial_shops, shop,
          st_sunken_temple
Shoals:2: layout_shoals, nicolae_shop_vocational
Shoals:3: layout_shoals, st_sunken_huts
Shoals:4: shoals_end_grunt_garden, layout_shoals, shoals_ilsuiw_alternative,
          nicolae_shoals_land_atoll, lemuel_oklob_altar
Spider:1: layout_spider_delve, uniq_nikola
Spider:2: layout_chambers
Spider:3: layout_cave_pods
Spider:4: guppyfry_spider_rune, gammafunk_ghost_grave
Orc:1:    layout_caves
Orc:2:    st_orc_rangers, layout_caves, serial_shops, shop,
          nicolae_shop_dealshenge, nicolae_shop_tiny_waterfront
Elf:1:    eino_elf_arrival_customs, layout_rooms, serial_shops,
          nicolae_lakefront_shop, nicolae_shop_industrial_runoff, shop, shop,
          nicolae_shop_behind_doors, basic_altar, minivault_28, nicolae_wwwww,
          amcnicky_mini_corridor_feature, minmay_elf_necromancy
Elf:2:    elven_hall_of_blades_hangedman_alternative
          [nooodl_blade_entry_preview], layout_onion_city
Elf:3:    minmay_elf_hall_hex, layout_gridlike, mu_enter_wizlab_4, serial_shops,
          nicolae_shop_bloodbath_and_beyond, uniq_bai_suzhen
Vaults:1: gammafunk_ghost_ooze, hangedman_vaults_trim, v_rooms_2,
          v_alt_pattern_4, nicolae_vaults_two_Ls, ontoclasm_vaults_bender,
          ontoclasm_vaults_ring_small, nicolae_vaults_tetromino_Z_1,
          grunt_vaults_funnel, nicolae_vaults_surprise_closet,
          vaults_mumra_hexcomb, vaults_standard_mumra_x,
          nicolae_vaults_trapezoid_3, vaults_room_semicircle,
          nicolae_vaults_double_plus_1, layout_vaults_maze_snakey
Vaults:2: v_misc_4, nicolae_vaults_little_guard_posts,
          minmay_crypt_entry_vampire_xt, ontoclasm_vaults_loading_screen,
          nicolae_vaults_six-pack, vaults_dpeg_emergency_exit, v_misc_28,
          grunt_vaults_hallway_short, vaults_standard_mumra_enter_the_diamond,
          v_pattern_5, nicolae_vaults_tetromino_Z_1,
          nicolae_vaults_border_crossing, layout_vaults_omnigrid, serial_shops,
          nicolae_shop_tiny_real_fake_doors
Vaults:3: nicolae_vaults_network_quincunx
          [nicolae_vaults_network_quincunx_subvault,
          nicolae_vaults_network_quincunx_subvault,
          nicolae_vaults_network_quincunx_subvault,
          nicolae_vaults_network_quincunx_subvault,
          nicolae_vaults_network_quincunx_subvault],
          dpeg_vaults_pockets_of_resistance, nicolae_vaults_network_periphery,
          serial_ice_h, nicolae_vaults_mini_display_case, ontoclasm_vaults_eye,
          nicolae_vaults_shelves_hall, nicolae_vaults_two_Ls,
          nicolae_vaults_specimen_jars, v_misc_27,
          nicolae_vaults_yaktaur_gun_rack, v_misc_24, v_misc_17,
          layout_vaults_omnicross, serial_shops, nicolae_shop_just_a_little_nook
Vaults:4: portal_desolation_entry_garden, ontoclasm_vaults_ring_square,
          ontoclasm_vaults_loading_screen, vaults_standard_mumra_lines,
          nicolae_vaults_tangram_1, ontoclasm_vaults_misaligned,
          nicolae_vaults_lightning_bolt, vaults_room_fours,
          nicolae_vaults_trapezoid_2, v_misc_2,
          nicolae_vaults_corridor_and_loot_room,
          nicolae_vaults_storage_closets_3, layout_vaults_omnibox
Vaults:5
Crypt:1:  lemuel_minitomb, layout_gridlike, grunt_megastairs_1, uniq_sojobo
Crypt:2:  minmay_shadows, layout_rooms, basic_altar,
          serial_sigils_hangedman_scar
Crypt:3:  david_glass_crypt, layout_gridlike, serial_sigils,
          serial_sigils_hangedman_scratch, serial_sigils_hangedman_etch,
          serial_sigils_hangedman_writhe, serial_sigils_hangedman_carve,
          serial_sigils_hangedman_gnaw, serial_sigils_hangedman_gut,
          grunt_ministairs_11, st_stairs_11
Depths:1: layout_basic, hellmouth_1, abyss_entry,
          nicolae_uskayaw_murder_on_the_dancefloor, grunt_megastairs_5
Depths:2: hangedman_cross_cluster, layout_gridlike,
          pf_vacation_house_of_asmodeus, elyvilon_altar_5, pan_entry,
          chequers_hall_statues_y, glass_columns_a, corexii_leaking_fountain,
          chequers_decorated_corner, xom_teletrap_fun,
          infiniplex_staircase_zigzag_1
Depths:3: grunt_bent_corner, layout_twisted_cross, hell_entry,
          serial_bayou_pond_a, abyss_entry
Depths:4: evilmike_zot_entry_diamond, layout_long_grid, enter_ziggurat_d,
          pan_entry, grunt_mini_vestibule, serial_sigils_hangedman_clutch,
          minmay_misc_feat_tiny
Zot:1:    layout_gridlike, grunt_megastairs_2
Zot:2:    lemuel_halls_of_wrath, layout_gridlike

Skill      XL: |  1  2  3  4  5  6  7  8  9 10 11 12 13 14 15 16 17 18 19 20 21 22 23 24 25 |
---------------+----------------------------------------------------------------------------+-----
Axes           | 3 4 5 7 9 10 11 12 14 16 17 18 19 20 21 23 24 25 26 | 26.9
Fighting       | 6 7 9 12 14 15 16 18 19 20 21 22 24 26 27 | 27.0
Armour         | 6 8 11 13 15 16 18 20 21 22 23 24 25 27 | 27.0
Invocations    | 3 5 7 9 10 | 10.0
Evocations     | 4 5 7 8 |  8.0
Dodging        | 4 7 9 10 12 14 15 18 23 25 | 25.4
Throwing       | 3 6 8 10 | 10.0
Spellcasting   | 4 |  4.4
Shields        | |  3.6

Action                     |  1- 3 |  4- 6 |  7- 9 | 10-12 | 13-15 | 16-18 | 19-21 | 22-24 | 25-27 || total
---------------------------+-------+-------+-------+-------+-------+-------+-------+-------+-------++-------
  Melee: War axe           |    47 |    68 |    98 |       |       |       |       |       |       ||   213
         Headbutt          |     6 |     7 |    45 |    46 |   171 |   225 |   251 |   289 |   146 ||  1186
         Battleaxe         |       |       |   195 |   281 |   876 |   119 |       |       |       ||  1471
         Executioner's axe |       |       |       |       |       |   842 |   868 |  1110 |   535 ||  3355
 Invoke: Finesse           |       |       |     1 |       |     3 |       |       |     2 |     1 ||     7
         Heroism           |       |       |       |     1 |       |       |       |       |     1 ||     2
         Duel              |       |       |       |       |     1 |       |     3 |       |       ||     4
  Evoke: Wand              |       |       |       |       |    14 |       |       |     3 |     2 ||    19
    Use: Scroll            |       |     2 |    11 |    13 |     8 |     2 |     2 |     3 |     3 ||    44
         Potion            |       |     2 |     1 |     3 |     2 |     1 |       |       |     1 ||    10
   Stab: Petrified         |       |       |       |       |     4 |       |       |       |       ||     4
         Petrifying        |       |       |       |       |     1 |       |       |       |       ||     1
         Invisible         |       |       |       |       |       |     3 |       |       |       ||     3
         Distracted        |       |       |       |       |       |       |       |     1 |       ||     1
 Armour: Scale mail        |    13 |       |       |       |       |       |       |       |       ||    13
         Plate armour      |    22 |    59 |    10 |   120 |   633 |   791 |   454 |   505 |   244 ||  2838
         Chain mail        |       |       |   158 |     9 |       |       |       |       |       ||   167
  Dodge: Dodged            |    18 |    29 |   114 |   136 |   595 |   894 |   683 |   712 |   356 ||  3537
  Block: Buckler           |    10 |    13 |     8 |       |       |       |       |       |       ||    31
         Other             |       |       |       |       |       |       |       |       |     7 ||     7

Table legend: (Time is in decaauts)
 A = Elapsed time spent in this place.
 B = Non-inter-level travel time spent in this place.
 C = Inter-level travel time spent in this place.
 D = Time resting spent in this place.
 E = Time spent auto-exploring this place.
 F = Levels seen in this place.
 G = Mean time per level.
                   A        B        C        D        E       F      G
               +--------+--------+--------+--------+--------+-----+--------+
         Total |  68145 |  64297 |   3848 |  19644 |  29684 |  58 | 1174.9 |
       Dungeon |  13960 |  12766 |   1194 |   2519 |   6786 |  15 |  930.7 |
        Temple |    281 |    254 |     27 |      0 |    238 |   1 |  281.0 |
          Lair |   8007 |   7290 |    717 |   2151 |   3872 |   5 | 1601.4 |
        Shoals |   6307 |   6102 |    205 |   1923 |   3119 |   4 | 1576.8 |
   Spider Nest |   5935 |   5680 |    255 |   1388 |   3107 |   4 | 1483.8 |
  Orcish Mines |   2063 |   1921 |    142 |    450 |    743 |   2 | 1031.5 |
   Elven Halls |   4674 |   4476 |    198 |   1713 |   1550 |   3 | 1558.0 |
        Vaults |  11084 |  10511 |    573 |   4013 |   4402 |   5 | 2216.8 |
         Crypt |   4479 |   4366 |    113 |   1720 |   1690 |   3 | 1493.0 |
        Depths |   5857 |   5473 |    384 |   1930 |   2437 |   4 | 1464.2 |
           Zot |   1822 |   1785 |     37 |    883 |    693 |   2 |  911.0 |
         Abyss |    440 |    440 |      0 |    158 |     34 |   1 |  440.0 |
        Bailey |    537 |    537 |      0 |    244 |     32 |   1 |  537.0 |
      Ice Cave |    617 |    617 |      0 |    120 |    140 |   1 |  617.0 |
        Wizlab |    741 |    741 |      0 |    305 |    204 |   1 |  741.0 |
    Desolation |    951 |    951 |      0 |      4 |    636 |   1 |  951.0 |
      Gauntlet |    339 |    339 |      0 |    119 |      0 |   1 |  339.0 |
         Arena |     44 |     44 |      0 |      0 |      0 |   4 |   11.0 |
               +--------+--------+--------+--------+--------+-----+--------+

Top non-repeatable levels by time:
  Lair:3: 3296 daAuts
Vaults:4: 3020 daAuts
Vaults:2: 2291 daAuts
Vaults:3: 2186 daAuts
Shoals:1: 2087 daAuts
Depths:3: 2022 daAuts
 Crypt:1: 2020 daAuts
Spider:4: 2019 daAuts
Vaults:5: 1966 daAuts
   Zot:1: 1810 daAuts
Depths:2: 1751 daAuts
 Crypt:3: 1682 daAuts
    D:14: 1663 daAuts
Spider:3: 1648 daAuts
   Elf:1: 1640 daAuts
